 Dungeon Crawl Stone Soup version 0.29-a0-23-ga79f92ac9c (webtiles) character file.

Game seed: 5442042452008789275

68 Cecur the Ducker (level 4, -5/34 HPs)
             Began as a Demonspawn Gladiator on Jan 30, 2022.
             Killed from afar by Robin (10 damage)
             ... with a puff of flame
             ... on level 2 of the Dungeon.
             The game lasted 00:02:46 (1914 turns).

Cecur the Ducker (Demonspawn Gladiator)             Turns: 1914, Time: 00:02:46

Health: -5/34      AC:  4    Str: 14    XL:     4   Next: 1%
Magic:  4/4        EV: 12    Int: 10    God:
Gold:   27         SH:  0    Dex: 16    Spells: 3/3 levels left

rFire   . . .      SeeInvis .   a - +0 rapier
rCold   . . .      Faith    .   (no shield)
rNeg    . . .      Spirit   .   b - +0 leather armour
rPois   .          Reflect  .   c - +0 helmet
rElec   .          Harm     .   (no cloak)
rCorr   .          Rampage  .   (no gloves)
Will    .....                   (no boots)
Stlth   +.........              (no amulet)
HPRegen 0.11/turn               (no ring)
MPRegen 0.09/turn               (no ring)

@: no status effects
A: demonic guardian 1, ignite blood 1
a: no special abilities


You were on level 2 of the Dungeon.
You visited 1 branch of the dungeon, and saw 2 of its levels.

You collected 27 gold pieces.

Inventory:

Hand Weapons
 a - a +0 rapier (weapon)
Missiles
 d - 3 throwing nets (quivered)
Armour
 b - a +0 leather armour (worn)
 c - a +0 helmet (worn)
Jewellery
 e - a ring of wizardry
Scrolls
 g - 3 scrolls of teleportation {unknown}
 h - a scroll of holy word {unknown}
Potions
 f - a potion of flight {unknown}
 i - a potion of heal wounds {unknown}


   Skills:
 + Level 2.5 Fighting
 + Level 3.2 Short Blades
 + Level 1.9 Throwing
 + Level 1.0 Armour
 + Level 3.2 Dodging
 + Level 0.4 Stealth


You had 3 spell levels left.
You didn't know any spells.
Your spell library was empty.

Dungeon Overview and Level Annotations

Branches:
Dungeon (2/15)

Altars:

Shops:
D:1 [

Annotations:
D:2 Robin


Innate Abilities, Weirdness & Mutations

A weak demonic guardian rushes to your aid.
Your demonic aura sometimes causes spilled blood to erupt in flames.


Message History

You feel sick.
You puncture the goblin!
You kill the goblin!
You feel sick.
You hit the hobgoblin.
The hobgoblin is almost dead.
You feel sick.
Robin of the Strong Arm comes into view.
They are wielding a +0 club and carrying a wand of flame (13).
The hobgoblin hits you.
Robin shouts!
You hit the hobgoblin.
You kill the hobgoblin!
You feel sick.
You are no longer poisoned.
You hear a shout!
Robin throws the goblin at you! The goblin barely misses you.
You puncture the goblin!
You kill the goblin!
Robin throws the goblin at you! The goblin hits you with a +0 club.
The goblin completely misses you.
Your Armour skill increases to level 1!
You closely miss the goblin. The goblin misses you.
Robin roars a battlecry!
The goblins go into a battle-frenzy!
The goblin hits you with a +0 club.
You hit the goblin.
You kill the goblin!
The goblin hits you with a +0 club.
* * * LOW HITPOINT WARNING * * *
You hit the goblin.
You kill the goblin!
A goblin comes into view. It is wielding a +0 club.
You have reached level 4!
You feel clever.
Robin zaps a wand.
The puff of flame hits you.
* * * LOW HITPOINT WARNING * * *
A demonic guardian appears!
Items here: )))) †††.
You hit Robin but do no damage.
Robin zaps a wand.
The puff of flame hits you!
You die...

##.##
####.#
#.# #.#
#.# #.#
##'##
#.#
#...##
#.#
.....##
#.#
..>...##
#5#
.......#
#)#
.......+
#@#
.......#
#g#
......##
#g#
.....##
...
#...##
#.# #+##
#.# ..#
.##


You could see Robin (ally target), a goblin (strong) and a friendly shadow imp
(summoned).

Vanquished Creatures
  2 adders (D:2)
  4 endoplasms
  A giant cockroach (D:1)
  7 goblins
  6 hobgoblins
  6 jackals (D:1)
  A quokka (D:1)
  2 ball pythons (D:1)
  4 bats
  2 frilled lizards
  6 kobolds (D:1)
  2 rats (D:1)
43 creatures vanquished.

Vanquished Creatures (collateral kills)
  A kobold (D:1)
1 creature vanquished.

Grand Total: 44 creatures vanquished

Notes
Turn   | Place    | Note
-------+----------+-------------------------------------------
     0 | D:1      | Cecur the Demonspawn Gladiator began the quest for the Orb.
     0 | D:1      | Reached XP level 1. HP: 16/16 MP: 1/1
    44 | D:1      | Found Nuciacru's Armour Shoppe.
   271 | D:1      | Gained mutation: A weak demonic guardian rushes to your
                  | aid. [demonic ancestry]
   271 | D:1      | Reached XP level 2. HP: 22/22 MP: 2/2
   904 | D:1      | Gained mutation: Your demonic aura sometimes causes spilled
                  | blood to erupt in flames. [demonic ancestry]
   904 | D:1      | Reached XP level 3. HP: 27/28 MP: 3/3
  1907 | D:2      | Noticed Robin
  1910 | D:2      | Reached skill level 1 in Armour
  1913 | D:2      | Reached XP level 4. HP: 10/34 MP: 4/4
  1914 | D:2      | Killed from afar by Robin

Illustrated notes

Levels and vault maps discovered:
D:1:      dpeg_arrival_yet_another_circle, layout_loops_corners, serial_shops,
          shop
D:2:      layout_loops_corners, kennysheep_potato, uniq_sigmund, uniq_jessica,
          uniq_robin

Skill      XL: |  1  2  3 |
---------------+----------+-----
Dodging        | 3 |  3.2
Short Blades   | 3 |  3.2
Armour         | 1 |  1.0
Fighting       | |  2.5
Throwing       | |  1.9
Stealth        | |  0.4

Action                   |  1- 3 |  4- 6 || total
-------------------------+-------+-------++-------
Melee: Rapier            |   136 |     1 ||   137
 Stab: Distracted        |     2 |       ||     2
       Sleeping          |     1 |       ||     1
Armor: Leather armour    |    45 |       ||    45
Dodge: Dodged            |   100 |       ||   100

Table legend: (Time is in decaauts)
 A = Elapsed time spent in this place.
 B = Non-inter-level travel time spent in this place.
 C = Inter-level travel time spent in this place.
 D = Time resting spent in this place.
 E = Time spent auto-exploring this place.
 F = Levels seen in this place.
 G = Mean time per level.
                   A        B        C        D        E       F      G
               +--------+--------+--------+--------+--------+-----+--------+
         Total |   1919 |   1919 |      0 |      0 |   1575 |   2 |  959.5 |
       Dungeon |   1919 |   1919 |      0 |      0 |   1575 |   2 |  959.5 |
               +--------+--------+--------+--------+--------+-----+--------+

Top non-repeatable levels by time:
     D:1: 1479 daAuts
     D:2: 440 daAuts
